 Dungeon Crawl Stone Soup version 0.16.1-2-g95b8d4c (webtiles) character file.

702 Leibowitz the Ducker (level 7, 0/57 HPs)
             Began as a Demigod Gladiator on Mar 24, 2015.
             Slain by a wight
             ... wielding a +3 flail
              (5 damage)
             ... on level 6 of the Dungeon on Mar 25, 2015.
             The game lasted 00:17:02 (6452 turns).

Leibowitz the Ducker (Demigod Gladiator)            Turns: 6452, Time: 00:17:03

Health: 0/57       AC:  5    Str: 20    XL:     7   Next: 16%
Magic:  12/12      EV: 14    Int: 12    God:
Gold:   262        SH:  0    Dex: 18    Spells: 0 memorised, 6 levels left

rFire  . . .     SeeInvis .     a - +0 trident
rCold  . . .     Clarity  .     b - +0 leather armour
rNeg   . . .     SustAb   +     (no shield)
rPois  .         Gourm    .     c - +0 helmet
rElec  .         Spirit   .     (no cloak)
rCorr  .         Warding  .     x - +0 pair of gloves
rMut   .         Stasis   .     (no boots)
MR     .....                    (no amulet)
Stlth  ++........               (no ring)
                                w - ring of wizardry

@: drained, not resistant to hostile enchantments, unstealthy
A: sustain abilities
a: no special abilities


You were on level 6 of the Dungeon.
You were very hungry.

You visited 1 branch of the dungeon, and saw 6 of its levels.

You collected 262 gold pieces.

Inventory:

Hand weapons
 a - a +0 trident (weapon)
Missiles
 d - a throwing net (quivered)
 o - 43 poisoned needles
 u - 3 needles of paralysis
 v - 8 javelins
Armour
 b - a +0 leather armour (worn)
 c - a +0 helmet (worn)
 x - a +0 pair of gloves (worn)
Jewellery
 w - a ring of wizardry (left hand)
Scrolls
 e - 2 scrolls of magic mapping {unknown}
 h - 3 scrolls of remove curse {unknown}
 j - 4 scrolls of identify {unknown}
 k - 4 scrolls of blinking {unknown}
 n - a scroll of enchant armour {unknown}
 p - a scroll of immolation {unknown}
 q - a scroll of noise {unknown}
 r - 2 scrolls of teleportation {unknown}
 s - a scroll of enchant weapon {unknown}
Potions
 t - a potion of curing
 z - a potion of invisibility
 A - a potion of ambrosia
Comestibles
 f - 5 bread rations
 g - 2 fruits
 i - 2 meat rations
 l - 2 beef jerkies
 m - a slice of pizza
 B - a chunk of flesh


   Skills:
 + Level 3.6(2.7) Fighting
 + Level 4.1(3.3) Polearms
 + Level 1.8(1.0) Throwing
 + Level 2.5(1.7) Armour
 + Level 4.8(3.9) Dodging
 + Level 3.2(2.3) Stealth


You had 6 spell levels left.
You didn't know any spells.

Dungeon Overview and Level Annotations

Branches:
Dungeon (6/15)             Temple (0/1) D:5

Shops:
D:5 =


Innate Abilities, Weirdness & Mutations

Your attributes are resistant to harm.


Message History

The wight barely misses you.
You hit the wight but do no damage.
The wight is heavily damaged.
The wight completely misses you.
You closely miss the wight.
The wight is heavily damaged.
The wight misses you.
You hit the wight but do no damage.
The wight is heavily damaged.
The wight hits you with an enchanted flail!
You feel drained.
* * * LOW HITPOINT WARNING * * *
You hit the wight.
The wight is severely damaged.
The wight hits you with an enchanted flail!
* * * LOW HITPOINT WARNING * * *
You feel drained.
* * * LOW HITPOINT WARNING * * *
The wight hits you with an enchanted flail.
You die...

### ... #.#
#.# #.# #.#
#######.###
#......zz@#
#.###.#.###
...#.#
..(..#.#
#........
.........
#######.#
.# .#


You could see 2 wights.

Vanquished Creatures
  Sigmund (D:5)
  A scorpion (D:5)
  2 wights (D:6)
  A hound (D:5)
  An orc priest (D:4)
  2 centaur skeletons
  7 worker ants
  3 adders
  4 gnolls (D:4)
  A shadow imp (D:5)
  5 worms
  An adder skeleton (D:5)
  A giant gecko (D:5)
  4 orcs (D:4)
  3 ball pythons
  11 bats
  5 giant cockroaches
  8 goblins
  9 hobgoblins
  3 jackals (D:1)
  12 kobolds
  3 quokkas
  5 giant newts
  10 rats
103 creatures vanquished.

Notes
Turn   | Place    | Note
--------------------------------------------------------------
     0 | D:1      | Leibowitz, the Demigod Gladiator, began the quest for the Orb.
     0 | D:1      | Reached XP level 1. HP: 17/17 MP: 2/2
    91 | D:1      | Reached skill level 3 in Dodging
   380 | D:1      | Reached XP level 2. HP: 16/24 MP: 3/3
   481 | D:1      | You fall through a shaft!
   788 | D:1      | Reached XP level 3. HP: 18/29 MP: 5/5
   916 | D:1      | Reached skill level 1 in Stealth
  1422 | D:2      | Reached skill level 1 in Armour
  1629 | D:2      | Reached XP level 4. HP: 36/36 MP: 7/7
  2690 | D:3      | Found a sparkling altar of Nemelex Xobeh.
  3388 | D:4      | Reached XP level 5. HP: 18/42 MP: 8/8
  3614 | D:4      | Found a shattered altar of Ashenzari.
  3616 | D:4      | Gained mutation: You passively map a small area around you. [potion of beneficial mutation]
  3954 | D:4      | Reached skill level 4 in Dodging
  4393 | D:4      | Gained mutation: You have sharp fingernails. [potion of beneficial mutation]
  4428 | D:4      | Reached XP level 6. HP: 49/51 MP: 10/10
  4451 | D:4      | Lost mutation: You passively map a small area around you. [potion of cure mutation]
  4451 | D:4      | Lost mutation: You have sharp fingernails. [potion of cure mutation]
  4651 | D:5      | Entered Level 5 of the Dungeon
  5570 | D:5      | Found a staircase to the Ecumenical Temple.
  5617 | D:5      | Found Lyptimuit's Jewellery Shop.
  5986 | D:5      | Noticed Sigmund
  5995 | D:5      | Killed Sigmund
  6366 | D:5      | Reached XP level 7. HP: 57/57 MP: 12/12
  6452 | D:6      | Slain by a wight

Action                   |  1- 3 |  4- 6 |  7- 9 || total
-------------------------+-------+-------+-------++-------
Melee: Trident           |   147 |   288 |    21 ||   456
Throw: Throwing net      |       |     4 |       ||     4
  Use: Potion            |     3 |    10 |       ||    13
 Stab: Sleeping          |     4 |    10 |     2 ||    16
       Invisible         |     3 |       |       ||     3
       Held in net/web   |       |     3 |       ||     3
  Eat: Chunk             |     3 |    14 |       ||    17
